 Dungeon Crawl Stone Soup version 0.30.0-5-g1a98f26d00 (webtiles) character file.

Game seed: 11125399831314499076

755 SeerSkye the Cleaver (level 7, -2/64 HPs)
             Began as a Minotaur Fighter on May 10, 2023.
             Was a Believer of Makhleb.
             Slain by a hound (5 damage)
             ... on level 5 of the Dungeon.
             The game lasted 00:03:22 (3561 turns).

SeerSkye the Cleaver (Minotaur Fighter)             Turns: 3561, Time: 00:03:22

Health: -2/64      AC:  6    Str: 22    XL:     7   Next: 49%
Magic:  6/6        EV:  9    Int:  5    God:    Makhleb [**....]
Gold:   168        SH:  4    Dex: 10    Spells: 6/6 levels left

rFire   . . .        a - +0 war axe
rCold   . . .        c - +0 buckler
rNeg    . . .        b - +0 scale mail
rPois   .            (helmet restricted)
rElec   .            (no cloak)
rCorr   .            (no gloves)
SInv    .            (no boots)
Will    .....        (no amulet) Stlth
                     (no ring)
HPRegen 0.30/turn    (no ring)
MPRegen 0.10/turn

%: no passive effects
@: no status effects
A: horns 2, retaliatory headbutt
a: Renounce Religion, Minor Destruction


You were on level 5 of the Dungeon.
You worshipped Makhleb.
Makhleb was pleased with you.
You visited 1 branch of the dungeon, and saw 5 of its levels.

You collected 210 gold pieces.
You spent 42 gold pieces at shops.

Inventory:

Hand Weapons
 a - a +0 war axe (weapon)
Armour
 b - a +0 scale mail (worn)
 c - a +0 buckler (worn)
Jewellery
 l - a ring of protection from cold
 p - a ring of protection from fire
Wands
 m - a wand of acid (12)
 q - a wand of polymorph (5)
Scrolls
 e - a scroll of immolation {unknown}
 g - a scroll of vulnerability {unknown}
 i - a scroll of fear {unknown}
 j - a scroll of blinking {unknown}
 k - a scroll of enchant weapon {unknown}
 n - 2 scrolls of identify {@r1}
 o - a scroll of teleportation {unknown}
Potions
 d - a potion of might
 f - a potion of mutation {unknown}
 h - 2 potions of brilliance


   Skills:
 + Level 6.7 Fighting
 * Level 8.6 Axes
 - Level 3.6 Armour
 - Level 3.6 Shields


You had 6 spell levels left.
You didn't know any spells.
Your spell library was empty.

Dungeon Overview and Level Annotations

Branches:
Dungeon (5/15) Zot: 26398
 Temple: D:4-7

Altars:
Cheibriados
Hepliaklqana
Makhleb
Qazlal
Uskayaw

Shops:
D:2 ?   D:4 :


Innate Abilities, Weirdness & Mutations

You have a pair of horns on your head.
You reflexively headbutt those who attack you in melee.


Message History

Found a chain mail.
The hound barks!
The iguana bites you!
A hound comes into view.
Found a stormy altar of Qazlal.
The hound barks!
You hear a shout!
The iguana bites you but does no damage.
The jelly jiggles.
A centaur comes into view.
The centaur wields a +0 shortbow.
The centaur shoots an arrow.
The arrow hits you. The hound closely misses you. You block the jelly's attack.
You slash the jelly!
Your hands burn!
The jelly is almost dead.
You completely miss the hound. You hit the iguana but do no damage.
The centaur shoots an arrow.
The arrow hits you. The hound bites you.
The centaur shoots an arrow.
The arrow hits you. The jelly hits you.
You are splashed with acid.
The iguana bites you.
You slash the jelly!
You kill the jelly!
Makhleb accepts your kill.
You slash the hound! You barely miss the iguana.
The centaur shoots an arrow.
The arrow hits you!
* * * LOW HITPOINT WARNING * * *
The hound bites you.
* * * LOW HITPOINT WARNING * * *
The hound bites you.
* * * LOW HITPOINT WARNING * * *
The iguana bites you!
* * * LOW HITPOINT WARNING * * *
You are too injured to fight recklessly!
You are too injured to fight recklessly!
You are too injured to fight recklessly!
You are too injured to fight recklessly!
You are too injured to fight recklessly!
You slash the hound!
The hound is heavily wounded.
You closely miss the hound. You barely miss the iguana. The hound bites you.
* * * LOW HITPOINT WARNING * * *
The hound bites you.
You die...

... .......## ##.#
##........ #.[.#
##.......
.....###........
......#..##.### ##
##........####..#
##...##...........
##...............#.
#.@l###..<.<.......
......hh.#
##......$.###
.....................#
..........>..........#
.......#≈.##.........#
.......§≈#^##........#
.....c≈≈_.≈##.........
.......
..^##.######...


You could see a centaur, an iguana and 2 hounds.

Vanquished Creatures
  Edmund (D:4)
  Duvessa (D:4)
  An ogre (D:4)
  A scorpion (D:4)
  Dowan (D:4)
  2 jellies
  2 hounds (D:4)
  A mummy (D:4)
  Robin (D:3)
  4 gnolls (D:3)
  6 adders
  A worm (D:2)
  6 dart slugs
  9 orcs
  7 endoplasms
  4 giant cockroaches
  15 goblins
  9 hobgoblins
  3 jackals (D:3)
  6 kobolds
  2 quokkas
  5 ball pythons
  8 bats
  2 frilled lizards (D:1)
  6 rats
104 creatures vanquished.

Notes
Turn   | Place    | Note
-------+----------+-------------------------------------------
     0 | D:1      | SeerSkye the Minotaur Fighter began the quest for the Orb.
     0 | D:1      | Reached XP level 1. HP: 19/19 MP: 0/0
    97 | D:1      | Reached skill level 3 in Axes
    99 | D:1      | Reached XP level 2. HP: 23/27 MP: 1/1
   595 | D:2      | Reached XP level 3. HP: 29/33 MP: 2/2
   600 | D:2      | Reached skill level 4 in Axes
   862 | D:2      | Reached XP level 4. HP: 41/41 MP: 3/3
  1113 | D:2      | Found Taosuzaf's Magic Scroll Emporium.
  1137 | D:2      | Bought a scroll of noise for 14 gold pieces
  1137 | D:2      | Bought a scroll of identify for 28 gold pieces
  1500 | D:3      | Noticed a shining eye
  1557 | D:3      | Noticed an eye of devastation
  1559 | D:3      | Noticed a great orb of eyes
  1561 | D:3      | Found a faded altar of an unknown god.
  1563 | D:3      | Noticed a great orb of eyes
  1617 | D:3      | Prayed at the altar of an unknown god.
  1617 | D:3      | Became a worshipper of Makhleb the Destroyer
  1617 | D:3      | Reached * piety under Makhleb
  1656 | D:3      | Reached skill level 5 in Axes
  1673 | D:3      | Reached XP level 5. HP: 27/47 MP: 4/4
  1677 | D:3      | Noticed Robin
  1679 | D:3      | Reached ** piety under Makhleb
  1680 | D:3      | Reached skill level 5 in Fighting
  1685 | D:3      | Killed Robin
  1840 | D:3      | Found a hazy altar of Hepliaklqana.
  2176 | D:4      | Noticed Dowan
  2177 | D:4      | Noticed Duvessa
  2183 | D:4      | Killed Duvessa
  2184 | D:4      | Reached skill level 6 in Axes
  2184 | D:4      | Reached XP level 6. HP: 44/56 MP: 5/5
  2187 | D:4      | Killed Dowan
  2385 | D:4      | Reached skill level 7 in Axes
  2475 | D:4      | Found a snail-covered altar of Cheibriados.
  2487 | D:4      | Noticed Edmund
  2496 | D:4      | Killed Edmund
  2497 | D:4      | Reached XP level 7. HP: 7/63 MP: 6/6
  2497 | D:4      | HP: 3/63 [poisoned by Edmund]
  2509 | D:4      | HP: 4/94 [poisoned by Edmund]
  2817 | D:4      | Found a hide-covered altar of Uskayaw.
  3043 | D:4      | Reached skill level 8 in Axes
  3377 | D:4      | Found a burning altar of Makhleb.
  3454 | D:4      | Found Cuyxtin's Book Emporium.
  3548 | D:5      | Entered Level 5 of the Dungeon
  3557 | D:5      | Found a stormy altar of Qazlal.
  3561 | D:5      | HP: 3/64 [hound (2)]
  3561 | D:5      | Slain by a hound

Illustrated notes

Levels and vault maps discovered:
D:1:      evilmike_arrival_hilbert_curve, layout_rooms,
          chequers_serial_rivers_micro_e
D:2:      layout_basic, serial_shops, shop
D:3:      layout_rooms, mainiacjoe_overflow_alcove_1,
          hellmonk_ecumenical_altar_watching_god, st_stairs_12,
          grunt_decor_fettered, uniq_robin
D:4:      layout_cave_pods, nicolae_uskayaw_murder_on_the_dancefloor,
          mainiacjoe_overflow_paths, slow_altar_1, serial_shops,
          nicolae_shop_trees, nicolae_concentric_dashed_squares_mild,
          uniq_duvessa, uniq_edmund
D:5:      layout_rooms, grunt_temple_overflow_forces_of_nature,
          nemelex_diamond_rough_becter, marbit_many_paths, elyvilon_altar_1,
          nicolae_ossuary_entry_giza, serial_shops, kennysheep_mini_moat,
          minmay_circle_x

Skill      XL: |  1  2  3  4  5  6  7 |
---------------+----------------------+-----
Axes           | 3 4 5 6 7 8 |  8.6
Fighting       | 4 5 6 |  6.7
Armour         | |  3.6
Shields        | |  3.6

Action                     |  1- 3 |  4- 6 |  7- 9 || total
---------------------------+-------+-------+-------++-------
  Melee: War axe           |    68 |   129 |    33 ||   230
         Headbutt          |     6 |    19 |     8 ||    33
    Use: Scroll            |       |     2 |       ||     2
         Potion            |       |       |     3 ||     3
 Armour: Scale mail        |    25 |    50 |    17 ||    92
  Dodge: Dodged            |    43 |    53 |     7 ||   103
  Block: Buckler           |    15 |    35 |     5 ||    55
